 Dungeon Crawl Stone Soup version 0.20.0-15-g7f486f2 (webtiles) character file.

949 anfisbena the Basher (level 8, -5/46 HPs)
             Began as a Gargoyle Fighter on June 22, 2017.
             Slain by an orc warrior
             ... wielding a +0 glaive
              (13 damage)
             ... on level 5 of the Dungeon.
             The game lasted 00:05:04 (4994 turns).

anfisbena the Basher (Gargoyle Fighter)             Turns: 4994, Time: 00:05:04

Health: -5/46      AC: 12    Str: 20      XL:     8   Next: 13%
Magic:  8/8        EV:  9    Int:  8 (9)  God:
Gold:   270        SH:  0    Dex:  9 (11) Spells: 7/7 levels left

rFire    . . .     SeeInvis +   m - +0 great mace
rCold    . . .     Gourm    .   (shield currently unavailable)
rNeg     + + .     Faith    .   b - +0 scale mail
rPois    ∞         Spirit   .   (no helmet)
rElec    +         Reflect  .   (no cloak)
rCorr    .         Harm     .   (no gloves)
MR       .....                  (no boots)
Stlth    ..........             (no amulet)
Regen    0.2/turn               d - ring of positive energy
MPRegen  0.2/turn               y - ring of see invisible

@: no status effects
A: negative energy resistance 1, electricity resistance, unbreathing,
petrification resistance, rot immunity, AC +5
a: no special abilities


You were on level 5 of the Dungeon.
You were not hungry.

You visited 1 branch of the dungeon, and saw 5 of its levels.

You collected 270 gold pieces.

Inventory:

Hand Weapons
 a - a +0 flail
 m - a +0 great mace (weapon)
Armour
 b - a +0 scale mail (worn)
 c - a +0 shield
Jewellery
 d - a ring of positive energy (left hand)
 q - an uncursed ring of stealth
 y - a ring of see invisible (right hand)
Wands
 u - a wand of enslavement (12/24)
 x - a wand of lightning (10/15)
Scrolls
 g - a scroll of fear {unknown}
 i - 2 scrolls of amnesia {unknown}
 j - a scroll of recharging {unknown}
 k - 5 scrolls of identify {unknown}
 l - 2 scrolls of teleportation {unknown}
 n - a scroll of enchant armour {unknown}
 v - a scroll of magic mapping {unknown}
Potions
 e - a potion of magic {unknown}
 h - a potion of lignification {unknown}
 o - a potion of cancellation {unknown}
 r - a potion of curing
 s - a potion of heal wounds {unknown}
 t - a potion of resistance {unknown}
 w - a potion of invisibility {unknown}
Comestibles
 f - 4 bread rations
 p - a fruit
 z - 2 meat rations
 A - a chunk of flesh


   Skills:
 - Level 3.2 Fighting
 + Level 9.3 Maces & Flails
 - Level 3.2 Armour
 - Level 3.2 Shields


You had 7 spell levels left.
You didn't know any spells.

Dungeon Overview and Level Annotations

Branches:
Dungeon (5/15)
 Temple: D:4-7

Altars:
The Shining One

Shops:
D:4 =


Innate Abilities, Weirdness & Mutations

You are resistant to torment.
Your stone body is resilient. (AC +5)
You are immune to poison.
You resist negative energy. (rN+)
You are resistant to electric shocks. (rElec)
You can survive without breathing.
You are immune to petrification.
You are immune to rotting.


Message History

y - a ring of see invisible (right hand)
The orc priest casts a cantrip, but nothing happens.
The orc warrior hits you with a glaive.
You completely miss the orc warrior.
The orc warrior is heavily wounded.
The orc warrior closely misses you.
You hit the orc warrior.
The orc warrior is severely wounded.
You closely miss the orc warrior.
The orc warrior is severely wounded.
The orc warrior hits you but does no damage.
The orc warrior hits you from afar with a glaive!!
* * * LOW HITPOINT WARNING * * *
The orc priest mumbles some strange prayers to Beogh against you.
Beogh smites you!
* * * LOW HITPOINT WARNING * * *
The orc priest looks satisfied for a moment.
There is a stone staircase leading up here.
The orc warrior hits you from afar with a glaive!
You die...

..# #.###.#..# #.# #.#
#.....#..# #.# #.#
#######..###.. #.#
#....... ####(#
#####..####. #...[#
#........... .##....##
#.###...####
.........####.#.##.#.#
#
#.......@....###...#.#
#
#..........##.#.##.#.#
#
.......###o###.###...#
# #.##... #J# #.#
#.### #. #.## #.# #.#
#.# #. #.# #.# #.# #
#o# #.# #.# #.# #.# ..
#o# #..


You could see an orc warrior and a jelly.

Vanquished Creatures
  Sigmund (D:2)
  Menkaure (D:4)
  A phantom (D:5)
  An ogre (D:4)
  2 crimson imps
  2 orc wizards
  2 orc priests
  A centaur skeleton (D:4)
  6 worker ants
  2 adders
  An ooze (D:4)
  4 worms
  3 leopard geckos
  11 orcs
  8 bats
  4 giant cockroaches
  14 goblins
  10 hobgoblins
  5 jackals
  A quokka (D:3)
  5 frilled lizards
  A goblin skeleton (D:4)
  A goblin zombie (D:4)
  3 hobgoblin zombies (D:4)
  13 kobolds
  A kobold zombie (D:4)
  An orc skeleton (D:4)
  12 rats
117 creatures vanquished.

Notes
Turn   | Place    | Note
-------+----------+-------------------------------------------
     0 | D:1      | anfisbena the Gargoyle Fighter began the quest for the Orb.
     0 | D:1      | Reached XP level 1. HP: 14/14 MP: 1/1
   331 | D:1      | Reached XP level 2. HP: 19/19 MP: 2/2
   802 | D:1      | Reached skill level 3 in Maces & Flails
  1113 | D:2      | Reached XP level 3. HP: 23/23 MP: 3/3
  1347 | D:2      | Noticed Sigmund
  1362 | D:2      | Killed Sigmund
  1362 | D:2      | Reached skill level 5 in Maces & Flails
  1362 | D:2      | Reached XP level 4. HP: 4/28 MP: 4/4
  1362 | D:2      | Reached XP level 5. HP: 4/32 MP: 5/5
  1609 | D:2      | Reached skill level 6 in Maces & Flails
  1609 | D:2      | Reached XP level 6. HP: 25/37 MP: 6/6
  3031 | D:4      | Reached skill level 7 in Maces & Flails
  3328 | D:4      | Found a glowing golden altar of the Shining One.
  3336 | D:4      | Reached XP level 7. HP: 40/41 MP: 7/7
  3370 | D:4      | Found Pasafrite's Jewellery Boutique.
  3371 | D:4      | Noticed Menkaure
  3379 | D:4      | Killed Menkaure
  3403 | D:4      | Reached skill level 8 in Maces & Flails
  4237 | D:5      | Entered Level 5 of the Dungeon
  4513 | D:5      | Reached skill level 9 in Maces & Flails
  4513 | D:5      | Reached XP level 8. HP: 43/46 MP: 8/8
  4994 | D:5      | Slain by an orc warrior

Skill      XL: |  1  2  3  4  5  6  7 |
---------------+----------------------+-----
Maces & Flails | 3 5 6 7 9 |  9.3
Fighting       | |  3.2
Armour         | |  3.2
Shields        | |  3.2

Action                   |  1- 3 |  4- 6 |  7- 9 || total
-------------------------+-------+-------+-------++-------
Melee: Flail             |   142 |   195 |    60 ||   397
       Great mace        |       |       |   108 ||   108
  Use: Potion            |       |       |     4 ||     4
  Eat: Chunk             |     2 |     6 |     5 ||    13
       Fruit             |       |       |     1 ||     1
Armor: Scale mail        |    78 |    98 |    89 ||   265
Dodge: Dodged            |    44 |    46 |    64 ||   154
Block: Shield            |    74 |   104 |    25 ||   203
